 Dungeon Crawl Stone Soup version 0.15-a0-179-gb770d62 (webtiles) character file.

5328 PolkaDot the Bewitcher (level 10, -5/60 (63) HPs)
             Began as a Vampire Enchanter on Apr 19, 2014.
             Was a Follower of Ashenzari.
             Slain by a wight
             ... wielding a cursed +3,+1 halberd
              (12 damage)
             ... on Level 9 of the Dungeon.
             The game lasted 01:03:25 (11556 turns).

PolkaDot the Bewitcher (Vampire Enchanter)         Turns: 11556, Time: 01:03:25

HP  -5/60 (63)   AC  3     Str  7      XL: 10   Next: 25%
MP  11/19        EV 13     Int 20      God: Ashenzari [*.....]
Gold 499         SH  0     Dex 17      Spells:  6 memorised,  1 level left

rFire  x . .     SeeInvis +     d - +3 short sword
rCold  + + .     Clarity  .     b - +0 robe (curse)
rNeg   + + .     Conserve .     (no shield)
rPois  +         rCorr    .     (no helmet)
rElec  .         rRot     +     C - +0 cloak (curse)
SustAb . .       Spirit   .     (no gloves)
rMut   .         Warding  .     (no boots)
Saprov . . .     Stasis   .     g - cursed amulet of inaccuracy {unknown}
MR     +....                    n - cursed ring of ice
                                z - cursed +3 ring of intelligence

@: regenerating slowly, somewhat resistant to hostile enchantments, extremely
stealthy
A: bottle blood, fangs 3, see invisible, unbreathing
a: Bat Form, Bottle Blood, Renounce Religion


You were on level 9 of the Dungeon.
You worshipped Ashenzari.
Ashenzari was aware of your devotion.
You were thirsty.

You visited 2 branches of the dungeon, and saw 10 of its levels.

You collected 499 gold pieces.

Inventory:

Hand weapons
 d - a +3,+3 short sword (weapon)
 f - a +0,+0 cutlass
Armour
 b - a cursed +0 robe (worn)
 C - a cursed +0 cloak (worn)
Magical devices
 s - a wand of draining (8) {unknown}
 D - a wand of frost (10) {unknown}
Scrolls
 a - a scroll of amnesia
 c - a scroll of summoning {unknown}
 j - 3 scrolls of fog
 k - 3 scrolls of curse armour
 r - a scroll of enchant weapon I {unknown}
 t - a scroll of immolation {unknown}
 w - a scroll of magic mapping
 y - a scroll of enchant armour {unknown}
Jewellery
 e - an uncursed ring of protection from fire
 g - a cursed amulet of inaccuracy (around neck) {unknown}
 h - an uncursed ring of wizardry
 n - a cursed ring of ice (right hand)
 v - an uncursed ring of wizardry
 z - a cursed +3 ring of intelligence (left hand)
Potions
 i - a potion of flight
 A - a potion of lignification


   Skills:
 * Level 3.4 Short Blades
 - Level 0.7 Throwing
 - Level 2.1 Dodging
 + Level 11.5 Stealth
 - Level 3.6 Spellcasting
 - Level 4.4 Conjurations
 + Level 15.0 Hexes


You had one spell level left.
You knew the following spells:

 Your Spells              Type           Power        Failure   Level  Hunger
a - Corona                Hex            ######.      1%          1    None
b - Sure Blade            Hex/Chrm       ####......   1%          2    ##.....
c - Confuse               Hex            ######..     1%          3    ###....
d - Ensorcelled Hibernat  Hex/Ice        ######       1%          2    ##.....
e - Enslavement           Hex            ######..     1%          4    ####...
s - Dazzling Spray        Conj/Hex       #####...     1%          3    ###....


Dungeon Overview and Level Annotations

Branches:
Dungeon (9/15)             Temple (1/1) D:7             Orc (0/4) D:9
   Lair: D:8-11

Altars:
Ashenzari
Cheibriados
Dithmenos
Elyvilon
Fedhas
Kikubaaqudgha
Makhleb
Nemelex Xobeh
Okawaru
Trog
Vehumet
Xom
Yredelemnul
Zin
The Shining One

Shops:
D:8 [

Annotations:
D:8 soonmide's ghost, experienced DsCK
D:9 casual's ghost, powerful MfTm


Innate Abilities, Weirdness & Mutations

You heal slowly.
You can bottle blood from corpses.
You have razor-sharp teeth.*
You have supernaturally acute eyesight.
You can survive without breathing.*


Message History

w - Wait here. f - Follow me.
Anything else - Stay silent.
You shout for attention!
Casting: Confuse
Confirm with . or Enter, or press ? or * to list all spells.
Aiming: Confuse
Press: ? - help, Shift-Dir - straight line, f - ogre zombie
Aim: an ogre zombie The ogre zombie appears confused.
* * * LOW MAGIC WARNING * * *
The ogre zombie misses you.
You hit the ogre zombie. You hit the ogre zombie. The ogre zombie hits you!
* * * LOW HITPOINT WARNING * * *
You hit the ogre zombie.
You catch the helpless ogre zombie completely off-guard!
You slice the ogre zombie!!
The ogre zombie seems less confused.
The wight hits you with a halberd!
You die...

############ #..........#
#..........# #..........#
################..........#
)...........Z....z........#
################@.........#
################..........#
.....................%....#
..........................#
##################<.......#
..################........#
...............>.....###.##
#.################.......#
#.# #....(..#


You could see a wight and an ogre zombie.

Vanquished Creatures
  The ghost of satsukimygoddess the Ruinous, an average DrVM (D:7)
  Eustachio (D:9)
  2 necrophages
  A black bear (D:9)
  3 sky beasts
  2 ice beasts (D:8)
  6 ogres
  2 phantoms
  2 centaurs
  2 gnoll sergeants (D:8)
  Blork the orc (D:4)
  6 jellies
  4 giant frogs
  2 scorpions
  5 wights
  4 killer bees (D:7)
  2 goliath beetles (D:6)
  3 crimson imps (D:7)
  5 orc priests
  A giant frog zombie (D:5)
  9 hounds
  A quasit (D:9)
  A gnoll shaman (D:8)
  An iguana (D:8)
  3 iron imps (D:7)
  Natasha (D:5)
  7 orc wizards
  An orange rat (D:7)
  4 worker ants
  A big kobold zombie (D:6)
  3 ogre zombies (D:9)
  An ogre skeleton (D:7)
  A hound skeleton (D:8)
  27 gnolls
  7 adders
  A shadow imp (D:7)
  5 green rats (D:7)
  4 worms
  A gnoll zombie (D:5)
  An iguana skeleton (D:5)
  A giant eyeball (D:5)
  5 giant geckos
  27 orcs
  2 ball pythons
  13 bats
  A bat zombie (D:7)
  3 giant cockroaches
  5 hobgoblins
  9 kobolds
  4 quokkas
  5 giant newts
  A giant newt skeleton (D:5)
  A gnoll skeleton (D:4)
  14 goblins
  2 hobgoblin skeletons
  A hobgoblin zombie (D:5)
  14 jackals
  A jackal skeleton (D:5)
  2 orc skeletons (D:9)
  An orc zombie (D:9)
  A quokka skeleton (D:7)
  34 rats
  A rat zombie (D:6)
283 creatures vanquished.

Notes
Turn   | Place    | Note
--------------------------------------------------------------
     0 | D:1      | PolkaDot, the Vampire Enchanter, began the quest for the Orb.
     0 | D:1      | Reached XP level 1. HP: 13/13 MP: 3/3
   332 | D:1      | Reached XP level 2. HP: 16/19 MP: 4/4
   650 | D:1      | Learned a level 2 spell: Ensorcelled Hibernation
  1101 | D:1      | Learned a level 2 spell: Sure Blade
  1246 | D:2      | Reached skill level 5 in Hexes
  1514 | D:2      | Reached XP level 3. HP: 22/24 MP: 0/6
  1609 | D:2      | Found a white marble altar of Elyvilon.
  2231 | D:4      | Reached XP level 4. HP: 30/30 MP: 4/7
  2234 | D:4      | Reached skill level 6 in Hexes
  2398 | D:4      | HP: 1/30 [jackal (2)]
  2595 | D:3      | Reached XP level 5. HP: 15/35 MP: 0/9
  3009 | D:3      | Reached skill level 5 in Stealth
  3166 | D:3      | Learned a level 3 spell: Dazzling Spray
  3386 | D:3      | Reached skill level 7 in Hexes
  4015 | D:3      | Reached skill level 1 in Conjurations
  4015 | D:3      | Reached XP level 6. HP: 29/41 MP: 3/10
  4509 | D:4      | Reached skill level 8 in Hexes
  4870 | D:4      | Noticed Blork the orc
  4878 | D:4      | Killed Blork the orc
  4905 | D:4      | Reached XP level 7. HP: 34/46 MP: 3/12
  5345 | D:5      | Entered Level 5 of the Dungeon
  5364 | D:5      | Found a shadowy altar of Dithmenos.
  5364 | D:5      | Found a shimmering altar of Xom.
  5379 | D:5      | Reached skill level 9 in Hexes
  5611 | D:5      | Reached skill level 10 in Hexes
  5765 | D:5      | Reached XP level 8. HP: 35/52 MP: 6/13
  5915 | D:5      | Noticed Natasha
  5922 | D:5      | Killed Natasha
  6091 | D:5      | Learned a level 3 spell: Confuse
  6559 | D:6      | Reached skill level 11 in Hexes
  7071 | D:7      | Reached skill level 12 in Hexes
  7209 | D:7      | Reached XP level 9. HP: 15/57 MP: 11/18
  7693 | D:7      | Learned a level 4 spell: Enslavement
  7870 | D:7      | Found a bloodstained altar of Trog.
  7969 | D:7      | Found a staircase to the Ecumenical Temple.
  7979 | Temple   | Entered the Ecumenical Temple
  8045 | Temple   | Became a worshipper of Ashenzari the Shackled
  8138 | D:7      | Reached skill level 13 in Hexes
  8213 | D:7      | Found a burning altar of Makhleb.
  8224 | D:7      | Noticed satsukimygoddess' ghost (average DrVM)
  8609 | D:7      | Killed satsukimygoddess' ghost
  8609 | D:7      | Reached skill level 10 in Stealth
  9001 | D:8      | Noticed soonmide's ghost (experienced DsCK)
  9328 | D:8      | Reached skill level 14 in Hexes
  9342 | D:8      | Found Gaifeux's Antique Armour Shop.
  9940 | D:8      | Reached XP level 10. HP: 63/63 MP: 19/19
 10942 | D:9      | Noticed Eustachio
 11298 | D:9      | Killed Eustachio
 11359 | D:9      | Found a staircase to the Orcish Mines.
 11402 | D:9      | Noticed casual's ghost (powerful MfTm)
 11501 | D:9      | Reached skill level 15 in Hexes
 11556 | D:9      | Slain by a wight

Action                   |  1- 3 |  4- 6 |  7- 9 | 10-12 || total
-------------------------+-------+-------+-------+-------++-------
Melee: Dagger            |   102 |   114 |   465 |    47 ||   728
       Cutlass           |       |       |       |    20 ||    20
       Short sword       |       |       |       |    18 ||    18
 Cast: Ensorcelled Hiber |    12 |    57 |   122 |    11 ||   202
       Corona            |       |     3 |       |       ||     3
       Dazzling Spray    |       |     1 |     1 |       ||     2
       Confuse           |       |       |    32 |    30 ||    62
  Use: Potion            |     1 |     5 |     9 |     2 ||    17
       Scroll            |     5 |       |    16 |     3 ||    24
 Stab: Sleeping          |    14 |    43 |   109 |    11 ||   177
       Invisible         |       |     1 |     3 |       ||     4
       Confused          |       |       |    17 |    16 ||    33
       Distracted        |       |       |     1 |       ||     1
